 Dungeon Crawl Stone Soup version 0.27.1-33-g824d729ab1 (webtiles) character file.

Game seed: 14798281811277325524

66 Descartes the Sneak (level 3, 0/18 HPs)
             Began as a Felid Wanderer on Nov 29, 2021.
             Killed from afar by Terence (6 damage)
             ... with a puff of flame
             ... on level 2 of the Dungeon.
             The game lasted 00:07:38 (2517 turns).

Descartes the Sneak (Felid Wanderer)                Turns: 2517, Time: 00:07:39

Health: 0/18       AC:  5    Str:  9    XL:     3   Next: 96%
Magic:  0/4        EV: 17    Int: 12    God:
Gold:   89         SH:  0    Dex: 16    Spells: 2/2 levels left
                                        Lives:  0   Deaths: 0

rFire    . . .     SeeInvis +     - Unarmed
rCold    . . .     Faith    .   (shield unavailable)
rNeg     . . .     Spirit   +   (armour unavailable)
rPois    .         Reflect  .   (helmet unavailable)
rElec    .         Harm     .   (cloak unavailable)
rCorr    .         Rampage  .   (gloves unavailable)
Will     .....                  (boots unavailable)
Stlth    +++.......             j - amulet of guardian spirit
HPRegen  0.06/turn              h - +4 ring of protection
MPRegen  0.09/turn              (no ring)

@: quick
A: very small, claws 1, fangs 3, see invisible, speed 1, shaggy fur 1, stealthy
paws, no weapons or thrown items, no armour, multi-lived
a: no special abilities


You were on level 2 of the Dungeon.
You visited 1 branch of the dungeon, and saw 2 of its levels.

You collected 89 gold pieces.

Inventory:

Missiles
 f - 44 stones
Jewellery
 h - a +4 ring of protection (left paw)
 j - an amulet of guardian spirit (around neck)
Scrolls
 a - a scroll of blinking
 b - a scroll of magic mapping {unknown}
 c - 4 scrolls of teleportation
 e - a scroll of fog {unknown}
 g - 2 scrolls of identify {unknown}
 i - a scroll of noise {unknown}
Potions
 d - a potion of curing


   Skills:
 - Level 4.0 Fighting
 * Level 2.6 Dodging
 + Level 4.1 Stealth
 + Level 3.7 Unarmed Combat
 - Level 1.1 Evocations


You had 2 spell levels left.
You didn't know any spells.
Your spell library was empty.

Dungeon Overview and Level Annotations

Branches:
Dungeon (2/15)

Altars:

Annotations:
D:2 Terence


Innate Abilities, Weirdness & Mutations

You have sharp claws.
You have razor-sharp teeth.
You have supernaturally acute eyesight. (SInv)
You cover ground quickly. (Speed+)
You are covered in fur. (AC +1)
Your paws help you pounce on unaware monsters.
You are incapable of wielding weapons or throwing items.
You cannot wear armour.
You gain extra lives every three experience levels.


Message History

You scratch the adder.
You kill the adder!
No target in view!
No target in view!
No target in view!
No target in view!
You see here an adder corpse.
There is a fountain of sparkling water here.
You open the door.
There is an open door here.
Found 12 gold pieces.
Found 14 stones.
Terence the Incautious comes into view.
He is wielding a +2 vampiric short sword, wearing a +2 scale mail of cold resistance and carrying a wand of flame (8).
Found a scroll labelled FUDY INUDAI.
Terence is nearby!
An endoplasm comes into view.
Terence zaps a wand.
The puff of flame hits you.
Terence is nearby!
You see here a +0 dagger.
You don't know any spells.
Your library has no spells.
You completely miss Terence. You bite Terence, but do no damage.
Terence closely misses you.
You closely miss Terence.
Terence hits you with a +2 vampiric short sword.
You barely miss Terence. Your bite misses Terence. Terence closely misses you.
You scratch Terence.
Terence is lightly wounded.
Terence misses you.
You scratch Terence. Your bite misses Terence.
Terence is lightly wounded.
Terence closely misses you.
You scratch Terence but do no damage. You bite Terence, but do no damage.
Terence is lightly wounded.
Terence hits you with a +2 vampiric short sword.
You barely miss Terence.
Terence is lightly wounded.
Terence zaps a wand.
The puff of flame hits you!
Terence zaps a wand.
The puff of flame hits you!
You die...

#....# #.#####+#'##
######....#########.#........####
#....'.....>........'........+...
#.####....#.#######.#........###.
#.# #....#.# #.#####........ #.#
#....#.# #.#############
#.####....#.# #..........#...
#....#....#.################.#.##
#.##.##.........@..........#.#.#.
####.##...........##...###.#.#.#.
#.##.......@...'..............
#.####.......♣♣.♣...#.#.#.#.#.
#.# #.....##♣P.♣♣..#+#.#.#.## #.#
#.....# ♣.♣♣♣......#.#... #.#
#.....##♣.P♣♣.....##.####
#.####.......♣♣.P♣.....<#.....
####.##......##.♣P..♣.####.#####.


You could see Terence.

Vanquished Creatures
  2 adders (D:2)
  3 dart slugs (D:1)
  3 bats
  7 endoplasms
  A giant cockroach (D:1)
  4 goblins
  A hobgoblin (D:2)
  6 ball pythons
  4 frilled lizards
  6 kobolds
  6 rats
43 creatures vanquished.

Vanquished Creatures (others)
  A plant (D:2)
1 creature vanquished.

Grand Total: 44 creatures vanquished

Notes
Turn   | Place    | Note
-------+----------+-------------------------------------------
     0 | D:1      | Descartes the Felid Wanderer began the quest for the Orb.
     0 | D:1      | Descartes set off with the following items: a scroll of
                  | blinking, a potion of berserk rage, a scroll of
                  | teleportation, a potion of curing
     0 | D:1      | Reached XP level 1. HP: 11/11 MP: 2/2
   260 | D:1      | Reached skill level 1 in Dodging
   281 | D:1      | You fall into a shaft and drop 1 floor!
   296 | D:2      | Reached XP level 2. HP: 10/15 MP: 3/3
  1098 | D:1      | Reached XP level 3. HP: 18/18 MP: 4/4
  2466 | D:2      | Noticed Terence
  2517 | D:2      | Killed from afar by Terence

Illustrated notes

Levels and vault maps discovered:
D:1:      lightli_arrival_windingriver, layout_basic, hangedman_glass_teeth
D:2:      minmay_evil_eye, layout_basic, serial_forest,
          infiniplex_forest_zigzag_1, infiniplex_forest_fountain,
          infiniplex_forest_lined_2, infiniplex_forest_corner_2,
          infiniplex_forest_clump_tiny, infiniplex_forest_corner_1,
          infiniplex_forest_zigzag_2, minmay_curled_crystal, uniq_terence

Skill      XL: |  1  2  3 |
---------------+----------+-----
Stealth        | 3 4 |  4.1
Dodging        | 1 2 |  2.6
Fighting       | |  4.0
Unarmed Combat | |  3.7
Evocations     | |  1.1

Action                   || total
-------------------------++-------
Melee: Unarmed           ||   116
       Bite              ||    10
       Punch             ||     2
  Use: Potion            ||     1
 Stab: Sleeping          ||     6
Armor: Skin              ||     9
Dodge: Dodged            ||    94
